 Dungeon Crawl Stone Soup version 0.28-a0-1167-g616b1c6417 (webtiles) character file.

Game seed: 10986422432780121274

26 BinkBink the Ducker (level 2, -6/24 HPs)
             Began as a Demonspawn Monk on Dec 16, 2021.
             Was a Plaything of Xom.
             Mangled by a worm (10 damage)
             ... on level 1 of the Dungeon.
             The game lasted 00:01:24 (1778 turns).

BinkBink the Ducker (Demonspawn Monk)               Turns: 1778, Time: 00:01:25

Health: -6/24      AC:  2    Str: 11    XL:     2   Next: 89%
Magic:  2/2        EV: 13    Int: 11    God:    Xom [..*...]
Gold:   52         SH:  0    Dex: 15    Spells: 1/1 levels left

rFire   . . .      SeeInvis .   a - +0 short sword
rCold   . . .      Faith    .   (no shield)
rNeg    . . .      Spirit   .   b - +0 robe
rPois   .          Reflect  .   (no helmet)
rElec   .          Harm     .   (no cloak)
rCorr   .          Rampage  .   (no gloves)
Will    .....                   (no boots)
Stlth   ++........              (no amulet)
HPRegen 0.08/turn               (no ring)
MPRegen 0.08/turn               (no ring)

@: no status effects
A: powered by pain 1
a: Renounce Religion


You were on level 1 of the Dungeon.
You worshipped Xom.
You were a toy of Xom.
You visited 1 branch of the dungeon, and saw 2 of its levels.

You collected 52 gold pieces.

Inventory:

Hand Weapons
 a - a +0 short sword (weapon)
Armour
 b - a +0 robe (worn)
Scrolls
 c - a scroll of enchant weapon {unknown}
 d - 3 scrolls of identify {unknown}
 e - a scroll of amnesia {unknown}
Potions
 f - a potion of heal wounds {unknown}


   Skills:
 - Level 3.0 Fighting
 + Level 3.2 Short Blades
 + Level 3.2 Dodging
 - Level 1.7 Stealth


You had one spell level left.
You didn't know any spells.
Your spell library contained the following spells:

 Spells                   Type           Power      Damage    Failure   Level
 Dazzling Flash           Conj/Hex       0%         N/A       71%         3
 Agony                    Necr           0%         N/A       100%        5
 Silence                  Hex/Air        0%         N/A       100%        5


Dungeon Overview and Level Annotations

Branches:
Dungeon (2/15)

Altars:
Xom

Annotations:
D:1 Robin


Innate Abilities, Weirdness & Mutations

You sometimes gain a little power by taking damage.


Message History

"See what I see, my child!"
You detect nothing.
Unknown command.
HP restored.
Done exploring.
You climb downwards.
Level annotation: Robin The goblin shouts!
A hobgoblin comes into view.
Robin closely misses you.
There is a stone staircase leading up here.
You see here a +0 dagger.
Robin completely misses you.
You climb upwards.
There is a stone staircase leading down here.
You closely miss Robin. Robin misses you. The worm closely misses you.
You hit Robin.
Robin is lightly wounded.
Robin closely misses you.
You closely miss Robin.
Robin is lightly wounded.
Robin hits you with a +0 spear. The worm barely misses you.
You hit Robin but do no damage.
Robin is lightly wounded.
Robin barely misses you. The worm closely misses you.
You hit Robin but do no damage.
Robin is lightly wounded.
Robin hits you with a +0 spear.
You hit Robin.
Robin is moderately wounded.
Robin barely misses you. The worm bites you!
* * * LOW HITPOINT WARNING * * *
You hit Robin but do no damage.
Robin is moderately wounded.
Robin misses you.
You hit Robin but do no damage.
Robin is moderately wounded.
The worm bites you!
You die...
Xom is highly amused!

........#####
............####
...............#
########.#####.# #.#
#.# ########.# #.###
.......#.# #...#
.......#.# #.#g#
.......#.# #.#@#
....[..#.# #.#w#
.......#.# #.#.#
########.# #.#.# ##
#.#####.#.### .#
#.#.........# .###
#.#.........# ...#
#.#.........#
.#.#####.#.........##


You could see a worm and Robin.

Vanquished Creatures
  2 giant cockroaches
  4 goblins (D:2)
  4 hobgoblins
  3 kobolds
  3 ball pythons
  2 bats (D:1)
  2 frilled lizards (D:1)
  5 rats
25 creatures vanquished.

Notes
Turn   | Place    | Note
-------+----------+-------------------------------------------
     0 | D:1      | BinkBink the Demonspawn Monk began the quest for the Orb.
     0 | D:1      | Reached XP level 1. HP: 18/18 MP: 1/1
   218 | D:1      | Gained mutation: You sometimes gain a little power by
                  | taking damage. [demonic ancestry]
   218 | D:1      | Reached XP level 2. HP: 13/24 MP: 2/2
  1169 | D:2      | Found a faded altar of an unknown god.
  1186 | D:2      | Prayed at the altar of an unknown god.
  1186 | D:2      | Became a worshipper of The Xom-Meister
  1263 | D:2      | XOM: silly message
  1485 | D:2      | Noticed Robin
  1605 | D:1      | XOM: divination: detect creatures
  1778 | D:1      | Mangled by a worm

Illustrated notes

Levels and vault maps discovered:
D:1:      elethiomel_arrival_maze, layout_rooms, hangedman_glass_teeth,
          hangedman_decor_riveting
D:2:      layout_loops_ring, serial_rivers, chequers_serial_rivers_micro_c,
          chequers_serial_rivers_micro_e, chequers_serial_rivers_room_b,
          chequers_serial_rivers_small_a, ebering_ecumenical_altar_webs,
          minmay_stone_trees_small, uniq_robin

Skill      XL: |  1 |
---------------+----+-----
Short Blades   | 3 |  3.2
Dodging        | 3 |  3.2
Fighting       | |  3.0
Stealth        | |  1.7

Action                   || total
-------------------------++-------
Melee: Short sword       ||    99
 Stab: Sleeping          ||     4
Armor: Robe              ||    17
Dodge: Dodged            ||    62

Table legend: (Time is in decaauts)
 A = Elapsed time spent in this place.
 B = Non-inter-level travel time spent in this place.
 C = Inter-level travel time spent in this place.
 D = Time resting spent in this place.
 E = Time spent auto-exploring this place.
 F = Levels seen in this place.
 G = Mean time per level.
                   A        B        C        D        E       F      G
               +--------+--------+--------+--------+--------+-----+--------+
         Total |   1775 |   1715 |     60 |      0 |   1498 |   2 |  887.5 |
       Dungeon |   1775 |   1715 |     60 |      0 |   1498 |   2 |  887.5 |
               +--------+--------+--------+--------+--------+-----+--------+

Top non-repeatable levels by time:
     D:1: 1364 daAuts
     D:2: 410 daAuts
